 Dungeon Crawl Stone Soup version 0.24.0-28-g17ded55e90 (webtiles) character file.

Game seed: 1978674498225391393, levelgen mode: deterministic

1315 Johnny the Slasher (level 8, -12/74 HPs)
             Began as a Troll Berserker on Nov 13, 2019.
             Was a Priest of Trog.
             Killed by divine providence
             ... invoked by an orc priest
              (15 damage)
             ... on level 5 of the Dungeon.
             The game lasted 00:04:36 (3431 turns).

Johnny the Slasher (Troll Berserker)                Turns: 3431, Time: 00:04:36

Health: -12/74     AC:  6    Str: 33    XL:     8   Next: 33%
Magic:  7/7        EV: 22    Int:  3    God:    Trog [***...]
Gold:   238        SH:  0    Dex: 14    Spells: 7/7 levels left

rFire    . . .     SeeInvis .   a - +0 falchion
rCold    . . .     Gourm    +   (no shield)
rNeg     . . .     Faith    .   b - +0 animal skin
rPois    +         Spirit   .   (helmet restricted)
rElec    .         Reflect  .   (no cloak)
rCorr    .         Harm     .   (gloves unavailable)
MR       .....                  (boots unavailable)
Stlth    ++........             (no amulet)
HPRegen  0.62/turn              h - +5 ring of evasion
MPRegen  0.10/turn              w - ring of poison resistance

@: mighty, agile, berserk cooldown, hasted and slowed
A: large, unfitting armour, claws 3, fast metabolism 3, gourmand, regeneration
1, shaggy fur 1, tough skin 3
a: Berserk, Trog's Hand, Renounce Religion


You were on level 5 of the Dungeon.
You worshipped Trog.
Trog was most pleased with you.
You were not hungry.

You visited 1 branch of the dungeon, and saw 5 of its levels.

You collected 238 gold pieces.

Inventory:

Hand Weapons
 a - a +0 falchion (weapon)
Armour
 b - a +0 animal skin (worn)
Jewellery
 g - an uncursed ring of protection from cold
 h - a +5 ring of evasion (left claw)
 w - a ring of poison resistance (right claw)
Wands
 m - a wand of iceblast (8)
 t - a wand of digging (7)
Scrolls
 f - 5 scrolls of remove curse
 i - a scroll of amnesia
 j - a scroll of enchant weapon {unknown}
 p - a scroll of fog {unknown}
 q - a scroll of teleportation {unknown}
 r - a scroll of immolation {unknown}
 s - a scroll of magic mapping {unknown}
Potions
 e - 2 potions of flight
 l - a potion of mutation {unknown}
 n - a potion of ambrosia {unknown}
Comestibles
 c - 13 rations


   Skills:
 - Level 2.4 Fighting
 * Level 7.4 Long Blades
 + Level 5.4 Dodging


You had 7 spell levels left.
You didn't know any spells.
Your spell library was empty.

Dungeon Overview and Level Annotations

Branches:
Dungeon (5/15)
 Temple: D:4-7

Altars:
Ashenzari
Fedhas
Gozag
Makhleb
Okawaru
Qazlal
Ru
Vehumet
Xom
Yredelemnul
Beogh


Innate Abilities, Weirdness & Mutations

You are too large for most types of armour.
You have claws for hands.
Your metabolism is lightning-fast.
You like to eat raw meat.
Your natural rate of healing is unusually fast.
You are covered in fur. (AC +1)
You have extremely tough skin. (AC +3)


Message History

The orc closely misses you. The orc hits you but does no damage.
The orc priest hits you with a +0 club.
* * * LOW HITPOINT WARNING * * *
The orc misses you.
You riposte.
You hit the orc.
The orc is heavily wounded.
The orc barely misses you. The orc closely misses you.
Unknown command.
Unknown command.
Unknown command.
Unknown command.
Unknown command.
Unknown command.
Unknown command.
Unknown command.
Unknown command.
Unknown command.
The orc priest casts a cantrip, but nothing happens.
The orc priest invokes the aid of Beogh against you.
Beogh smites you!
You die...

#............#.##.########...
#....(##.#...#.##.# #...
#####.....##.#...#.##.# #.##
#........#....###..##.# #.#
#.#####.#.##.## ##.##.# #.# #.#
#.#.##.# #....#### #.# #.#
#.#.##.## ##.##....# #.# #.#
##.#.##.o###..#####.#####.# #.#
#..#.##.o.o@..............#
#.####.##..).o)o...####.#.#######
#.##.....#.#.#######...###....>..
#.##.###.#.#.# #.##.#.######.
#.##.##).#o#.### #.###.## #.
8......o.o....8#####.###.#######.
######'o)#######.....#.........#.
#.............#...####..######.##
#....#####....#....###..# #.##


You could see an orc priest and 4 orcs.

Vanquished Creatures
  The ghost of VanClaymore the Ruffian, a novice TrEE (D:4)
  The ghost of 95kv the Ducker, an amateur FeBe of Trog (D:5)
  Edmund (D:4)
  An ice beast (D:5)
  3 scorpions
  A crimson imp (D:5)
  2 hounds
  3 orc priests
  A bullfrog skeleton (D:5)
  An iguana (D:4)
  2 orc wizards (D:5)
  3 worker ants (D:4)
  A worker ant zombie (D:5)
  5 adders
  An adder skeleton (D:5)
  A worm (D:2)
  2 dart slugs
  2 leopard geckos
  18 orcs
  9 bats
  A giant cockroach (D:2)
  2 goblins (D:1)
  4 hobgoblins
  12 kobolds
  2 quokkas (D:3)
  A frilled lizard (D:1)
  A jackal skeleton (D:5)
  5 rats
  A spectral orc (D:2)
88 creatures vanquished.

Notes
Turn   | Place    | Note
-------+----------+-------------------------------------------
     0 | D:1      | Johnny the Troll Berserker began the quest for the Orb.
     0 | D:1      | Reached XP level 1. HP: 22/22 MP: 0/0
   231 | D:1      | Reached XP level 2. HP: 23/29 MP: 1/1
   473 | D:1      | Reached skill level 3 in Long Blades
   603 | D:2      | Reached XP level 3. HP: 25/36 MP: 2/2
   611 | D:2      | Reached ** piety under Trog
   706 | D:2      | Found a basalt altar of Yredelemnul.
   753 | D:2      | Found a burning altar of Makhleb.
  1235 | D:3      | Found a radiant altar of Vehumet.
  1291 | D:3      | Reached XP level 4. HP: 44/44 MP: 3/3
  1304 | D:3      | Found an opulent altar of Gozag.
  1305 | D:3      | Found an iron altar of Okawaru.
  1305 | D:3      | Found a blossoming altar of Fedhas.
  1305 | D:3      | Found a shimmering altar of Xom.
  1306 | D:3      | Found a stormy altar of Qazlal.
  1945 | D:4      | Noticed Edmund
  1959 | D:4      | Killed Edmund
  1959 | D:4      | Reached skill level 4 in Long Blades
  1959 | D:4      | Reached XP level 5. HP: 50/50 MP: 4/4
  1985 | D:4      | Found a runed translucent gate.
  1985 | D:4      | Found a runed translucent gate.
  1986 | D:4      | Found a runed translucent gate.
  1987 | D:4      | Noticed VanClaymore's ghost (novice TrEE)
  2043 | D:4      | Reached XP level 6. HP: 49/59 MP: 5/5
  2165 | D:4      | Reached *** piety under Trog
  2165 | D:4      | Reached skill level 5 in Long Blades
  2586 | D:4      | Found a roughly hewn altar of Beogh.
  2614 | D:4      | Killed VanClaymore's ghost
  2614 | D:4      | Reached skill level 6 in Long Blades
  2614 | D:4      | Reached XP level 7. HP: 60/66 MP: 6/6
  2675 | D:5      | Entered Level 5 of the Dungeon
  2688 | D:5      | Found a shattered altar of Ashenzari.
  2758 | D:5      | Reached skill level 5 in Dodging
  2797 | D:5      | Reached XP level 8. HP: 74/74 MP: 7/7
  2813 | D:5      | Found a runed translucent gate.
  2813 | D:5      | Found a runed translucent gate.
  2813 | D:5      | Found a runed translucent gate.
  2831 | D:5      | Noticed 95kv's ghost (amateur FeBe)
  2833 | D:5      | Identified the +1 chain mail "Hogat" {rN+ Slay+2}
  2834 | D:5      | Found a roughly hewn altar of Beogh.
  2950 | D:5      | Reached skill level 7 in Long Blades
  3363 | D:5      | Found a sacrificial altar of Ru.
  3412 | D:5      | Killed 95kv's ghost
  3429 | D:5      | HP: 2/74 [orc priest/+0 club (4)]
  3431 | D:5      | Killed from afar by an orc priest

Levels and vault maps discovered:
D:1:      minmay_arrival_loop, layout_loops_cross
D:2:      layout_rooms, lightli_temple_of_fire,
          yredelemnul_forgotten_temple_becter
D:3:      layout_basic, vehumet_crystals, lemuel_crystal_altar,
          chequers_temple_overflow_statue_of_worship
D:4:      layout_rooms, biasface_ghost_orc_armoury, roderic_lattice_a,
          uniq_edmund
D:5:      layout_loops_ring, ashenzari_conservatory_becter,
          nicolae_ru_path_of_blood, biasface_ghost_orc_armoury, first_ration

Skill      XL: |  1  2  3  4  5  6  7  8 |
---------------+-------------------------+-----
Long Blades    | 3 4 6 7 |  7.4
Dodging        | 3 4 5 |  5.4
Fighting       | |  2.4

Action                   |  1- 3 |  4- 6 |  7- 9 || total
-------------------------+-------+-------+-------++-------
Melee: Falchion          |   121 |   130 |    90 ||   341
Invok: Berserk           |       |     4 |     3 ||     7
       Trog's Hand       |       |       |     1 ||     1
  Use: Scroll            |       |     4 |     1 ||     5
       Potion            |       |       |     6 ||     6
 Stab: Sleeping          |     1 |       |       ||     1
       Invisible         |       |       |     3 ||     3
  Eat: Chunk             |    11 |    20 |     7 ||    38
Armor: Animal skin       |    61 |    17 |    27 ||   105
Dodge: Dodged            |    97 |    91 |    61 ||   249
       Rpst.: Falchion   |    39 |    24 |    23 ||    86
